 Dungeon Crawl Stone Soup version 0.24-b1-30-g840c9efd86 (webtiles) character file.

Game seed: 8415718515481799775, levelgen mode: deterministic

41 Mesmaeker13 the Sneak (level 3, -1/22 HPs)
             Began as a Kobold Assassin on Oct 23, 2019.
             Slain by a goblin
             ... wielding a +0 dagger
             ... led by Robin
              (3 damage)
             ... on level 1 of the Dungeon.
             The game lasted 00:02:02 (1028 turns).

Mesmaeker13 the Sneak (Kobold Assassin)             Turns: 1028, Time: 00:02:02

Health: -1/22      AC:  3    Str:  8    XL:     3   Next: 75%
Magic:  3/3        EV: 15    Int: 12    God:
Gold:   50         SH:  0    Dex: 17    Spells: 2/2 levels left

rFire    . . .     SeeInvis .   a - +2 dagger
rCold    . . .     Gourm    .   (shield restricted)
rNeg     . . .     Faith    .   b - +0 robe
rPois    .         Spirit   .   (no helmet)
rElec    .         Reflect  .   c - +0 cloak
rCorr    .         Harm     .   (no gloves)
MR       .....                  (no boots)
Stlth    +++.......             (no amulet)
HPRegen  0.07/turn              (no ring)
MPRegen  0.08/turn              (no ring)

@: no status effects
A: small, carnivore
a: no special abilities


You were on level 1 of the Dungeon.
You were completely stuffed.

You visited 1 branch of the dungeon, and saw 2 of its levels.

You collected 50 gold pieces.

Inventory:

Hand Weapons
 a - a +2 dagger (weapon)
Missiles
 d - 5 poisoned darts (quivered)
 e - 2 curare-tipped darts
 h - 2 boomerangs
Armour
 b - a +0 robe (worn)
 c - a +0 cloak (worn)
Scrolls
 g - a scroll of enchant armour {unknown}
 j - a scroll of teleportation {unknown}
 l - a scroll of identify {unknown}
Potions
 i - a potion of flight {unknown}
 k - a potion of heal wounds {unknown}
Comestibles
 f - 2 rations


   Skills:
 + Level 2.8 Fighting
 + Level 3.4 Short Blades
 - Level 2.1 Throwing
 + Level 2.2 Dodging
 + Level 5.8 Stealth


You had 2 spell levels left.
You didn't know any spells.
Your spell library was empty.

Dungeon Overview and Level Annotations

Branches:
Dungeon (2/15)

Altars:

Annotations:
D:1 Robin
D:2 Terence


Innate Abilities, Weirdness & Mutations

You are small and have problems with some larger weapons.
You are carnivorous and can eat meat at any time.


Message History

The goblin misses you. Robin barely misses you.
The goblin hits you with a +0 dagger. The hobgoblin misses you.
The goblin unwields a +0 dagger.
The goblin wields a +0 hunting sling.
The goblin shoots a stone.
The stone hits you but does no damage. Robin hits you but does no damage.
Things that are here:
a stone; a +0 club; a goblin corpse Robin's bangles clink loudly.
Robin throws the goblin at you! The goblin barely misses you.
Robin throws the goblin at you!
You hit the goblin but do no damage. The goblin hits you with a +0 dagger.
* * * LOW HITPOINT WARNING * * *
The goblin unwields a +0 hunting sling.
The goblin wields a +0 dagger.
The goblin barely misses you.
You hit the goblin.
You kill the goblin!
The hobgoblin barely misses you. The goblin misses you.
Robin barely misses you. The goblin hits you with a +0 dagger.
You die...

.##.#...#...#...#....###
.......................#
######################.#
#.......##............#
##.#####.#########.##.##
...# #)########..†#.#
.### #............>.# .#
##########gg(### .#
#....@g.## .# #.#######
.# #†# .# #.# ## #.# #.#
############.#
.............#
##############


You could see Robin, a hobgoblin and a goblin.

Vanquished Creatures
  An adder (D:1)
  A ball python (D:2)
  2 bats (D:1)
  8 goblins (D:1)
  4 hobgoblins
  2 jackals (D:2)
  A quokka (D:2)
  4 frilled lizards
  5 kobolds
  2 rats (D:1)
30 creatures vanquished.

Notes
Turn   | Place    | Note
-------+----------+-------------------------------------------
     0 | D:1      | Mesmaeker13 the Kobold Assassin began the quest for the
                  | Orb.
     0 | D:1      | Reached XP level 1. HP: 12/12 MP: 1/1
   407 | D:1      | Reached XP level 2. HP: 18/18 MP: 2/2
   676 | D:2      | Noticed Robin
   682 | D:1      | Reached XP level 3. HP: 19/22 MP: 3/3
   777 | D:2      | Noticed a necrophage
   951 | D:2      | Noticed Terence
  1028 | D:1      | Slain by a goblin

Skill      XL: |  1  2 |
---------------+-------+-----
Short Blades   | 3 |  3.4
Dodging        | 2 |  2.2
Fighting       | |  2.8
Throwing       | |  2.1
Stealth        | |  5.8

Action                   || total
-------------------------++-------
Melee: Dagger            ||    76
Throw: Dart              ||     3
 Stab: Sleeping          ||     5
  Eat: Chunk             ||     9
Armor: Robe              ||    21
Dodge: Dodged            ||    70
